 Dungeon Crawl Stone Soup version 0.18.1-8-gdd0e5ea (webtiles) character file.

72 dracos369 the Chopper (level 4, -7/37 HPs)
             Began as a Hill Orc Warper on May 30, 2016.
             Mangled by a worm (9 damage)
             ... on level 3 of the Dungeon on June 5, 2016.
             The game lasted 00:07:23 (1617 turns).

dracos369 the Chopper (Hill Orc Warper)             Turns: 1617, Time: 00:07:24

Health: -7/37      AC:  3    Str: 14    XL:     4   Next: 25%
Magic:  6/6        EV: 11    Int: 13    God:
Gold:   90         SH:  0    Dex: 10    Spells: 2 memorised, 3 levels left

rFire  . . .     SeeInvis .     a - +0 hand axe
rCold  . . .     Gourm    .     b - +0 leather armour
rNeg   . . .     Faith    .     (no shield)
rPois  +         Spirit   .     (no helmet)
rElec  .         Dismiss  .     (no cloak)
rCorr  .         Reflect  .     (no gloves)
SustAt .         Harm     .     (no boots)
MR     .....                    e - amulet of magic regeneration (curse)
Stlth  +.........               (no ring)
                                g - ring of poison resistance

@: not resistant to hostile enchantments, very unstealthy
A: no striking features
a: no special abilities


You were on level 3 of the Dungeon.
You were hungry.

You visited 1 branch of the dungeon, and saw 3 of its levels.

You collected 90 gold pieces.

Inventory:

Hand Weapons
 a - a +0 hand axe (weapon)
Missiles
 m - 3 exploding tomahawks (quivered)
Armour
 b - a +0 leather armour (worn)
 j - a +0 ring mail
Jewellery
 e - a cursed amulet of magic regeneration (around neck)
 g - a ring of poison resistance (left hand)
 q - an uncursed amulet of guardian spirit
Scrolls
 d - a scroll of blinking
 i - a scroll of fear
 n - a scroll of remove curse
 s - a scroll of identify
Potions
 o - a potion of brilliance {unknown}
 t - a potion of cancellation {unknown}
Books
 c - a book of Spatial Translocations

   Spells                             Type                      Level
   a - Apportation                    Translocation                1
   b - Blink                          Translocation                2
   c - Shroud of Golubria             Charms/Translocation         2
   d - Portal Projectile              Translocation                3
   e - Teleport Other                 Translocation                3
   f - Passage of Golubria            Translocation                4
Comestibles
 f - 2 bread rations
 p - 2 meat rations
 r - a slice of pizza
 u - 9 chunks of flesh


   Skills:
 - Level 2.4 Fighting
 + Level 5.8 Axes
 - Level 0.8 Throwing
 - Level 1.1 Armour
 - Level 1.5 Dodging
 - Level 1.5 Spellcasting
 - Level 2.4 Translocations


You had 3 spell levels left.
You knew the following spells:

 Your Spells              Type           Power        Failure   Level  Hunger
a - Apportation           Tloc           #.........   14%         1    ##.....
b - Blink                 Tloc           N/A          21%         2    ###....


Dungeon Overview and Level Annotations

Branches:
Dungeon (3/15)

Altars:
Cheibriados
Xom

Annotations:
D:1 shit to dig


Message History

The giant gecko barely misses you.
You closely miss the giant gecko.
The giant gecko is severely wounded.
The giant gecko barely misses you.
You miss the giant gecko.
The giant gecko is severely wounded.
The giant gecko bites you.
* * * LOW HITPOINT WARNING * * *
You barely miss the giant gecko.
The giant gecko is severely wounded.
The giant gecko bites you.
* * * LOW HITPOINT WARNING * * *
You are feeling hungry.
You hit the giant gecko.
You kill the giant gecko!
The worm closely misses you.
You hit the worm.
The worm is lightly wounded.
The worm bites you!
You die...

.# .# .# # #### .# #.
#...# .# #.### [....#
####.# ...# ......#
#....#######.##
.......#####.#####........
.....=..w@.....# #.####.##
.......#####.#.## #.#
......# #....##.####.#
......## #............#
#!.....# #....##.###..#
##.##..# #.#####.###..# #.
#..# #............## #
#..# #.#####........
###.##..#####.# #####.###


You could see a worm.

Vanquished Creatures
  An orc wizard (D:3)
  2 adders
  A giant gecko (D:3)
  2 orcs (D:3)
  3 giant cockroaches
  2 goblins
  A hobgoblin (D:2)
  A ball python (D:1)
  4 bats
  2 giant newts
  2 rats
21 creatures vanquished.

Vanquished Creatures (others)
  An orc (D:3)
1 creature vanquished.

Grand Total: 22 creatures vanquished

Notes
Turn   | Place    | Note
--------------------------------------------------------------
     0 | D:1      | dracos369 the Hill Orc Warper began the quest for the Orb.
     0 | D:1      | Reached XP level 1. HP: 18/18 MP: 3/3
    48 | D:1      | Reached skill level 3 in Axes
   678 | D:2      | Reached XP level 2. HP: 25/25 MP: 4/4
   702 | D:2      | Learned a level 2 spell: Blink
  1078 | D:2      | Reached skill level 4 in Axes
  1204 | D:2      | Found a snail-covered altar of Cheibriados.
  1204 | D:2      | Found a shimmering altar of Xom.
  1395 | D:3      | Reached XP level 3. HP: 8/30 MP: 0/5
  1537 | D:3      | Reached skill level 5 in Axes
  1537 | D:3      | Reached XP level 4. HP: 5/37 MP: 2/6
  1614 | D:3      | HP: 1/37 [giant gecko (3)]
  1617 | D:3      | Mangled by a worm

Skill      XL: |  1  2  3 |
---------------+----------+-----
Axes           | 3 4 5 |  5.8
Fighting       | |  2.4
Throwing       | |  0.8
Armour         | |  1.1
Dodging        | |  1.5
Spellcasting   | |  1.5
Translocations | |  2.4

Action                   |  1- 3 |  4- 6 || total
-------------------------+-------+-------++-------
Melee: Hand axe          |    98 |    17 ||   115
Throw: Tomahawk          |     5 |       ||     5
  Use: Scroll            |     4 |       ||     4
       Potion            |     2 |       ||     2
 Stab: Sleeping          |     1 |       ||     1
       Invisible         |     3 |       ||     3
  Eat: Chunk             |     2 |       ||     2
Armor: Ring mail         |    22 |       ||    22
       Leather armour    |    18 |     1 ||    19
Dodge: Dodged            |    80 |    13 ||    93
